 Dungeon Crawl Stone Soup version 0.16.1-16-gc44b35d (webtiles) character file.

1151 Trafet the Conjurer (level 8, -1/52 HPs)
             Began as a Demonspawn Wizard on Apr 18, 2015.
             Slain by a centaur (8 damage)
             ... on level 5 of the Dungeon.
             The game lasted 00:22:32 (7010 turns).

Trafet the Conjurer (Demonspawn Wizard)             Turns: 7010, Time: 00:22:32

Health: -1/52      AC:  5    Str:  8    XL:     8   Next: 15%
Magic:  10/16      EV: 11    Int: 22    God:
Gold:   245        SH:  0    Dex: 13    Spells: 4 memorised, 4 levels left

rFire  . . .     SeeInvis .     q - +0 spear
rCold  + . .     Clarity  .     v - +0 leather armour
rNeg   . . .     SustAb   .     (no shield)
rPois  .         Gourm    .     b - +0 hat
rElec  .         Spirit   .     C - +1 cloak
rCorr  .         Warding  .     (no gloves)
rMut   .         Stasis   .     (no boots)
MR     .....                    (no amulet)
Stlth  ++........               (no ring)
                                (no ring)

@: not resistant to hostile enchantments, unstealthy
A: horns 1, thin skeletal structure 1, cold resistance 1, foul stench 1, rot
immunity
a: no special abilities


You were on level 5 of the Dungeon.
You were hungry.

You visited 1 branch of the dungeon, and saw 5 of its levels.

You collected 245 gold pieces.

Inventory:

Hand weapons
 j - a +0 hunting sling
 o - a +0 whip of flaming
 q - a +0 spear (weapon)
 u - a +1 flail of crushing
Missiles
 e - 5 curare-tipped needles
 h - 189 stones (quivered)
 i - 16 sling bullets of flame
 t - 8 tomahawks
 I - 8 sling bullets of frost
Armour
 a - a +0 robe
 b - a +0 hat (worn)
 v - a +0 leather armour (worn)
 C - a +1 cloak (worn)
 F - a +0 cloak
Magical staves
 y - an uncursed staff of poison
Jewellery
 n - an uncursed ring of stealth
Scrolls
 k - 2 scrolls of amnesia
 l - 3 scrolls of recharging
 m - 3 scrolls of remove curse
 p - a scroll of magic mapping {unknown}
 B - 2 scrolls of blinking {unknown}
Potions
 g - a potion of flight
 s - 2 potions of agility
 w - a potion of curing
 z - a potion of cancellation
 A - a potion of might
 H - a potion of poison {unknown}
Books
 c - a book of Minor Magic

   Spells                             Type                      Level
   a - Magic Dart                     Conjuration                  1
   b - Blink                          Translocation                2
   c - Call Imp                       Summoning                    2
   d - Repel Missiles                 Charms/Air                   2
   e - Slow                           Hexes                        2
   f - Conjure Flame                  Conjuration/Fire             3
   g - Mephitic Cloud                 Conjuration/Poison/Air       3
 x - a book of Fire

   Spells                             Type                      Level
   a - Ignite Poison                  Fire/Transmutation           5
   b - Fireball                       Conjuration/Fire             5
   c - Bolt of Fire                   Conjuration/Fire             6
   d - Delayed Fireball               Conjuration/Fire             7
   e - Ring of Flames                 Charms/Fire                  7
 D - a book of Battle

   Spells                             Type                      Level
   a - Infusion                       Charms                       1
   b - Shroud of Golubria             Charms/Translocation         2
   c - Song of Slaying                Charms                       2
   d - Spectral Weapon                Hexes/Charms                 3
   e - Regeneration                   Charms/Necromancy            3
 E - a Fen Folio

   Spells                             Type                      Level
   a - Corpse Rot                     Necromancy                   2
   b - Stone Arrow                    Conjuration/Earth            3
   c - Leda's Liquefaction            Hexes/Earth                  4
   d - Summon Forest                  Summoning/Translocation      5
   e - Hydra Form                     Transmutation                6
   f - Summon Hydra                   Summoning                    7
Comestibles
 d - 3 bread rations
 f - 2 slices of pizza
 r - 3 chunks of flesh
 G - 2 meat rations


   Skills:
 + Level 6.4 Polearms
 - Level 1.7 Dodging
 - Level 1.7 Stealth
 - Level 3.0 Spellcasting
 - Level 6.4 Conjurations
   Level 1.0 Summonings
 - Level 0.8 Translocations


You had 4 spell levels left.
You knew the following spells:

 Your Spells              Type           Power        Failure   Level  Hunger
a - Magic Dart            Conj           ####         1%          1    None
b - Blink                 Tloc           N/A          21%         2    ##.....
c - Mephitic Cloud        Conj/Pois/Air  ##......     28%         3    ###....
d - Conjure Flame         Conj/Fire      ###.....     17%         3    ###....


Dungeon Overview and Level Annotations

Branches:
Dungeon (5/15)
 Temple: D:4-7

Altars:
Cheibriados
Dithmenos
Gozag
Nemelex Xobeh
Qazlal
Trog
Zin

Annotations:
D:3 Trafet's ghost, average CeWz


Innate Abilities, Weirdness & Mutations

You have a pair of small horns on your head.
You have a somewhat thin skeletal structure (Dex +2, Stealth).
Your flesh is cold resistant.
You emit a foul stench.
You are immune to rotting.


Message History

The magic dart hits the centaur.
The centaur is severely wounded.
The centaur barely misses you.
Casting: Magic Dart
Confirm with . or Enter, or press ? or * to list all spells.
Aiming: Magic Dart
Press: ? - help, Shift-Dir - straight line, f/p - centaur
Aim: a centaur (severely wounded, sick)
The magic dart hits the centaur.
The centaur is almost dead.
The centaur misses you. The centaur barely misses you.
Casting: Magic Dart
Confirm with . or Enter, or press ? or * to list all spells.
Aiming: Magic Dart
Press: ? - help, Shift-Dir - straight line, f/p - centaur
Aim: a centaur (almost dead, sick)
The magic dart hits the centaur.
The centaur is almost dead.
The centaur hits you!
You die...

##########
#######........#
.........#####.#
.#######.# #.# #.# #.#
#.#####.########
#.....#.........
####.###.#.########
#.@..# #.#.#######.
##c##.###...........
PPP(PPP...........###
.P.........P###...####.#
P.PP..PPPPP......# #.#
..P........#...# #.#


PP.PPPPPPP..##..# ##.## ...P.....P......###...## PPP.PPP.P..###.....#... You
could see a centaur.

Vanquished Creatures
  The ghost of Siriah the Insei, an average DrTm of Cheibriados (D:4)
  A phantom (D:4)
  2 sky beasts
  4 ogres
  A crimson imp (D:5)
  A hound (D:4)
  2 iguanas (D:4)
  An orc wizard (D:4)
  2 worker ants (D:5)
  5 adders
  2 worms
  A giant mite (D:4)
  An adder zombie (D:5)
  An adder skeleton (D:4)
  3 giant geckos
  2 oozes
  7 orcs
  6 giant cockroaches
  12 goblins
  10 hobgoblins
  3 jackals (D:1)
  4 quokkas
  10 bats
  3 giant newts
  A jackal zombie (D:5)
  13 kobolds
  A quokka skeleton (D:4)
  8 rats
108 creatures vanquished.

Vanquished Creatures (others)
  A bush (D:5)
1 creature vanquished.

Grand Total: 109 creatures vanquished

Notes
Turn   | Place    | Note
--------------------------------------------------------------
     0 | D:1      | Trafet, the Demonspawn Wizard, began the quest for the Orb.
     0 | D:1      | Reached XP level 1. HP: 13/13 MP: 4/4
   622 | D:1      | Gained mutation: You are immune to rotting. [demonic ancestry]
   622 | D:1      | Reached XP level 2. HP: 2/19 MP: 0/6
  1599 | D:1      | Reached XP level 3. HP: 24/24 MP: 4/7
  2618 | D:2      | Found a bloodstained altar of Trog.
  2619 | D:2      | Found a snail-covered altar of Cheibriados.
  2620 | D:2      | Found a shadowy altar of Dithmenos.
  2622 | D:2      | Found a glowing silver altar of Zin.
  2622 | D:2      | Found a stormy altar of Qazlal.
  2751 | D:2      | Gained mutation: You have a pair of small horns on your head. [demonic ancestry]
  2751 | D:2      | Reached XP level 4. HP: 27/30 MP: 3/9
  2816 | D:2      | Learned a level 2 spell: Blink
  2820 | D:2      | Learned a level 3 spell: Mephitic Cloud
  2824 | D:2      | Learned a level 3 spell: Conjure Flame
  2951 | D:2      | Reached skill level 4 in Conjurations
  3535 | D:3      | Noticed a sky beast
  3545 | D:3      | HP: 1/30 [sky beast (6)]
  3546 | D:3      | Killed a sky beast
  3546 | D:3      | Reached skill level 5 in Conjurations
  3546 | D:3      | Gained mutation: You have a somewhat thin skeletal structure (Dex +2, Stealth). [demonic ancestry]
  3546 | D:3      | Reached XP level 5. HP: 1/35 MP: 2/11
  4334 | D:3      | Noticed Trafet's ghost (average CeWz)
  4879 | D:4      | Noticed a phantom
  4930 | D:4      | Killed a phantom
  4930 | D:4      | Reached skill level 6 in Conjurations
  4930 | D:4      | Gained mutation: You emit a foul stench. [demonic ancestry]
  4930 | D:4      | Reached XP level 6. HP: 19/41 MP: 1/12
  5148 | D:4      | Reached skill level 1 in Polearms
  5312 | D:4      | Noticed Siriah's ghost (average DrTm)
  5317 | D:4      | Killed Siriah's ghost
  5317 | D:4      | Gained mutation: Your flesh is cold resistant. [demonic ancestry]
  5317 | D:4      | Reached XP level 7. HP: 30/46 MP: 10/14
  5423 | D:4      | Noticed an ogre
  5468 | D:4      | Killed an ogre
  5639 | D:4      | Noticed an ogre
  5646 | D:4      | Killed an ogre
  5910 | D:5      | Entered Level 5 of the Dungeon
  6063 | D:5      | Reached skill level 5 in Polearms
  6207 | D:5      | HP: 2/46 [poisoned by a worker ant]
  6215 | D:5      | HP: 1/46 [poisoned by a worker ant]
  6569 | D:5      | Reached XP level 8. HP: 52/52 MP: 5/16
  6780 | D:5      | Found a sparkling altar of Nemelex Xobeh.
  6801 | D:5      | Found an opulent altar of Gozag.
  7010 | D:5      | Slain by a centaur

Action                   |  1- 3 |  4- 6 |  7- 9 || total
-------------------------+-------+-------+-------++-------
Melee: Unarmed           |    18 |       |       ||    18
       Whip              |    19 |       |       ||    19
       Spear             |       |    18 |    64 ||    82
       Flail             |       |    19 |       ||    19
Throw: Stone             |     3 |       |       ||     3
 Cast: Magic Dart        |    99 |    80 |    86 ||   265
       Mephitic Cloud    |       |     1 |     5 ||     6
       Blink             |       |     2 |       ||     2
       Conjure Flame     |       |     2 |     1 ||     3
  Use: Scroll            |       |     3 |     6 ||     9
 Stab: Sleeping          |     1 |     1 |       ||     2
       Confused          |       |       |     1 ||     1
  Eat: Chunk             |     5 |     9 |     5 ||    19
